 Dungeon Crawl Stone Soup version 0.30-a0-365-ge7f957f1db (webtiles) character file.

Game seed: 1810903012362565848

74 voltaire321 the Shooter (level 4, 0/26 HPs)
             Began as a Kobold Hexslinger on Nov 16, 2022.
             Slain by a ball python (3 damage)
             ... in a sewer.
             The game lasted 00:07:06 (1794 turns).

voltaire321 the Shooter (Kobold Hexslinger)         Turns: 1794, Time: 00:07:07

Health: 0/26       AC:  3    Str:  7    XL:     4   Next: 54%
Magic:  6/6        EV: 12    Int: 14    God:
Gold:   113        SH:  0    Dex: 17    Spells: 3/6 levels left

rFire   . . .      SeeInvis .    a - +1 sling
rCold   . . .      Faith    .    (no shield)
rNeg    . . .      Spirit   .    c - +0 robe
rPois   .          Reflect  .    (no helmet)
rElec   .          Harm     .    (no cloak)
rCorr   .          Rampage  .    (no gloves)
Will    .....                    e - +0 pair of boots
Stlth   +++.......               (no amulet)
HPRegen 0.24/turn                (no ring)
MPRegen 0.10/turn                (no ring)

@: constricted
A: small, no large weapons, nightstalker 3
a: no special abilities


You were in a sewer.
You visited 1 branch of the dungeon, and saw 3 of its levels.
You also visited: Sewer.

You collected 113 gold pieces.

Inventory:

Hand Weapons
 a - a +1 sling (weapon)
Armour
 c - a +0 robe (worn)
 e - a +0 pair of boots (worn)
Scrolls
 b - 2 scrolls of poison
 d - 4 scrolls of identify {unknown}
 k - 2 scrolls of noise {unknown}
 m - a scroll of torment {unknown}
 n - a scroll of enchant armour {unknown}
 o - a scroll of vulnerability {unknown}
Potions
 f - a potion of curing {unknown}
 g - a potion of brilliance {unknown}
 h - a potion of lignification {unknown}
 i - a potion of mutation {unknown}
 j - a potion of ambrosia {unknown}
 l - a potion of haste {unknown}
 p - a potion of might {unknown}


   Skills:
 + Level 2.0 Fighting
 + Level 3.4 Ranged Weapons
 + Level 3.1 Dodging
 + Level 1.9 Stealth
 + Level 1.8 Spellcasting
 + Level 3.3 Hexes


You had 3 spell levels left.
You knew the following spells:

 Your Spells              Type           Power      Damage    Failure   Level
a - Slow                  Hex            40%        N/A       6%          1
b - Ensorcelled Hibernat  Hex/Ice        12%        N/A       19%         2

Your spell library contained the following spells:

 Spells                   Type           Power      Damage    Failure   Level
 Inner Flame              Hex/Fire       6%         N/A       36%         3
 Portal Projectile        Hex/Tloc       12%        N/A       36%         3
 Spider Form              Tmut/Pois      1%         N/A       58%         3
 Cause Fear               Hex            5%         N/A       52%         4
 Anguish                  Hex/Necr       3%         N/A       77%         4


Dungeon Overview and Level Annotations

Branches:
Dungeon (3/15)              Sewer (1/1)

Altars:
Kikubaaqudgha


Innate Abilities, Weirdness & Mutations

You are small and have problems with some larger weapons.
You are completely attuned to the shadows.


Message History

The ball python bites you but does no damage.
The ball python closely misses you.
You feel sick. The adder barely misses you.
The ball python barely misses you. x2
The adder attacks as you move away! The adder bites you but does no damage.
The ball python attacks as you move away!
The ball python misses you. x2; You feel sick.
The adder misses you.
The ball python attacks as you move away!
The ball python bites you but does no damage.
The ball python closely misses you. The adder attacks as you move away!
The adder bites you but does no damage.
You enter the shallow water.
Moving in this stuff is going to be slow.
You feel sick.
You are no longer poisoned.
The adder completely misses you.
Fire: a) +1 sling
Press: ? - help, Q - select action, (/) - cycle Shift-Dir - straight line, f/p - adder
Aim: an adder (moderately wounded, 40% to hit)
You shoot a sling bullet. The sling bullet misses the adder.
The sling bullet hits the frilled lizard.
You kill the frilled lizard!
The adder bites you.
* * * LOW HITPOINT WARNING * * *
The adder closely misses you.
Fire: a) +1 sling
Press: ? - help, Q - select action, (/) - cycle Shift-Dir - straight line, f/p - adder
Aim: an adder (moderately wounded, 40% to hit)
You shoot a sling bullet. The sling bullet hits the adder!
You kill the adder!
The ball python closely misses you. The ball python grabs you.
The ball python constricts you.
* * * LOW HITPOINT WARNING * * *
Your Fighting skill increases to level 2!
Fire: a) +1 sling
Press: ? - help, Q - select action, (/) - cycle Shift-Dir - straight line, f - ball python
Aim: a ball python (constricting you, 57% to hit)
You shoot a sling bullet.
The sling bullet closely misses the ball python.
The sling bullet barely misses the frilled lizard.
The ball python bites you.
You die...

####### ########.....#
########.~..~~..~~~.#
#.∩.∩.@Sl~~~~~~~~≈≈≈≈≈
########l.~~~~~~†≈~.##
########~~≈~~#
####~~≈~~ .~~.l~≈~~
~~~~~~≈~. ≈≈≈≈≈≈≈~.
~~~~~~≈~~ ..†~~~≈≈~


You could see a ball python and 2 frilled lizards.

Vanquished Creatures
  3 adders
  A worm (D:2)
  A dart slug (D:1)
  6 ball pythons
  5 bats
  3 endoplasms (D:1)
  2 giant cockroaches
  2 goblins (D:1)
  3 hobgoblins
  2 jackals (D:2)
  A quokka (D:1)
  6 frilled lizards
  A kobold (D:1)
  6 rats
42 creatures vanquished.

Notes
Turn   | Place    | Note
-------+----------+-------------------------------------------
     0 | D:1      | voltaire321 the Kobold Hexslinger began the quest for the
                  | Orb.
     0 | D:1      | Reached XP level 1. HP: 12/12 MP: 2/2
   207 | D:1      | Reached XP level 2. HP: 16/16 MP: 3/3
   291 | D:1      | Reached skill level 1 in Stealth
   497 | D:1      | Reached XP level 3. HP: 18/20 MP: 5/5
  1399 | D:2      | Reached XP level 4. HP: 24/26 MP: 6/6
  1547 | D:3      | Learned a level 2 spell: Ensorcelled Hibernation
  1699 | D:3      | Found an ancient bone altar of Kikubaaqudgha.
  1742 | D:3      | Found a glowing drain.
  1748 | Sewer    | Entered a sewer
  1794 | Sewer    | Slain by a ball python

Illustrated notes

Levels and vault maps discovered:
D:1:      nicolae_arrival_washed_ashore, layout_basic
D:2:      layout_loops_cross
D:3:      layout_basic, mainiacjoe_overflow_alcove_3,
          shapermc_ecumenical_altar_pompeii, portal_sewer_entry_d
Sewer:    sewer_frog_island_01

Skill      XL: |  1  2  3  4 |
---------------+-------------+-----
Stealth        | 1 |  1.9
Ranged Weapons | 3 |  3.4
Dodging        | 3 |  3.1
Fighting       | 2 |  2.0
Spellcasting   | |  1.8
Hexes          | |  3.3

Action                   |  1- 3 |  4- 6 || total
-------------------------+-------+-------++-------
 Fire: Sling             |   109 |    34 ||   143
 Cast: Slow              |     2 |       ||     2
Armor: Robe              |    15 |    10 ||    25
Dodge: Dodged            |    50 |    47 ||    97

Table legend: (Time is in decaauts)
 A = Elapsed time spent in this place.
 B = Non-inter-level travel time spent in this place.
 C = Inter-level travel time spent in this place.
 D = Time resting spent in this place.
 E = Time spent auto-exploring this place.
 F = Levels seen in this place.
 G = Mean time per level.
                   A        B        C        D        E       F      G
               +--------+--------+--------+--------+--------+-----+--------+
         Total |   1849 |   1710 |    139 |    154 |   1118 |   4 |  462.2 |
       Dungeon |   1787 |   1648 |    139 |    154 |   1107 |   3 |  595.7 |
         Sewer |     61 |     61 |      0 |      0 |     11 |   1 |   61.0 |
               +--------+--------+--------+--------+--------+-----+--------+

Top non-repeatable levels by time:
     D:1: 821 daAuts
     D:2: 720 daAuts
     D:3: 245 daAuts
   Sewer: 61 daAuts
